 Dungeon Crawl Stone Soup version 0.29.1-1-gd02db6906a (webtiles) character file.

Game seed: 12860265032329266374

1937 Revguard the Trooper (level 8, -7/64 HPs)
             Began as a Demonspawn Gladiator on Sept 19, 2022.
             Killed by divine providence
             ... invoked by an orc priest
              (12 damage)
             ... on level 7 of the Dungeon.
             The game lasted 00:14:48 (7000 turns).

Revguard the Trooper (Demonspawn Gladiator)         Turns: 7000, Time: 00:14:48

Health: -7/64      AC:  9    Str: 14    XL:     8   Next: 97%
Magic:  12/12      EV: 12    Int:  9    God:
Gold:   390        SH:  0    Dex: 18    Spells: 7/7 levels left

rFire   . . .      SeeInvis .   a - +0 long sword
rCold   . . .      Faith    .   (no shield)
rNeg    . . .      Spirit   .   p - +0 scale mail
rPois   +          Reflect  .   (helmet restricted)
rElec   .          Harm     .   (no cloak)
rCorr   .          Rampage  .   k - +0 pair of gloves
Will    .....                   f - +0 pair of boots
Stlth   +.........              (no amulet)
HPRegen 0.20/turn               o - ring of poison resistance
MPRegen 0.13/turn               (no ring)

@: no status effects
A: horns 2, powered by death 2, sturdy frame 1
a: no special abilities


You were on level 7 of the Dungeon.
You visited 2 branches of the dungeon, and saw 8 of its levels.

You collected 390 gold pieces.

Inventory:

Hand Weapons
 a - a +0 long sword (weapon)
 t - a +2 vampiric short sword
Missiles
 e - a javelin (quivered)
Armour
 f - a +0 pair of boots (worn)
 k - a +0 pair of gloves (worn)
 p - a +0 scale mail (worn)
Jewellery
 o - a ring of poison resistance (left hand)
Scrolls
 g - a scroll of vulnerability
 h - 2 scrolls of teleportation
 j - a scroll of poison
 l - a scroll of summoning
 n - a scroll of immolation {unknown}
 q - a scroll of amnesia {unknown}
 r - a scroll of acquirement {unknown}
 v - a scroll of noise {unknown}
Potions
 b - a potion of magic
 c - a potion of cancellation
 i - 2 potions of might {unknown}
 s - a potion of curing {unknown}
 u - a potion of berserk rage {unknown}


   Skills:
 + Level 6.0 Fighting
 * Level 5.3 Long Blades
 - Level 1.7 Throwing
 + Level 3.7 Armour
 + Level 4.8 Dodging
 + Level 5.5 Invocations
 + Level 4.1 Evocations


You had 7 spell levels left.
You didn't know any spells.
Your spell library contained the following spells:

 Spells                   Type           Power      Damage    Failure   Level
 Foxfire                  Conj/Fire      0%         2x1d4     69%         1
 Magic Dart               Conj           0%         1d3       69%         1
 Sting                    Tmut/Pois      0%         1d3       69%         1
 Call Imp                 Summ           0%         N/A       83%         2
 Ensorcelled Hibernation  Hex/Ice        0%         N/A       83%         2
 Passwall                 Tmut/Erth      0%         N/A       83%         2
 Poisonous Vapours        Pois/Air       0%         N/A       83%         2
 Conjure Flame            Conj/Fire      0%         6-21      96%         3
 Inner Flame              Hex/Fire       0%         N/A       96%         3
 Mephitic Cloud           Conj/Pois/Air  0%         N/A       96%         3
 Swiftness                Air            0%         N/A       96%         3
 Flame Wave               Conj/Fire      0%         2d4       100%        4
 Olgreb's Toxic Radiance  Pois           0%         N/A       100%        4


Dungeon Overview and Level Annotations

Branches:
Dungeon (7/15)             Temple (1/1) D:4

Altars:
Ashenzari
Dithmenos
Fedhas
Hepliaklqana
Nemelex Xobeh
Okawaru
Qazlal
Ru
Sif Muna
Uskayaw
Vehumet
Xom
Yredelemnul

Shops:
D:5 *


Innate Abilities, Weirdness & Mutations

You have a pair of horns on your head.
You regenerate health from kills.
Your movements are slightly less encumbered by armour. (ER -2)


Message History

The orc warrior hits you with a +0 scimitar!
The orc warrior is engulfed in a cloud of scalding steam.
The orc warrior dies!
The steam dragon breathes steam at you. The ball of steam hits you!
You hear a shout!
Throw: throwing net
Press: ? - help, Q - select action, (/) - cycle Shift-Dir - straight line, f - steam dragon
Aim: a steam dragon (steam, 64% to hit)
Okay, then.
Throw: throwing net
Press: ? - help, Q - select action, (/) - cycle Shift-Dir - straight line, f - steam dragon
Aim: a steam dragon (steam, 64% to hit)
You throw a throwing net. The throwing net hits the steam dragon.
The steam dragon is caught in the net!
The steam dragon struggles against the net.
You hit the steam dragon.
The steam dragon is lightly wounded.
The steam dragon struggles against the net.
You slash the steam dragon!
The steam dragon is heavily wounded.
An orc comes into view. It is wielding a +0 club.
The steam dragon breathes steam at you. The ball of steam misses you.
The steam dragon struggles against the net.
The orc priest calls down the wrath of Beogh upon you.
Beogh smites you!
* * * LOW HITPOINT WARNING * * *
The orc priest hits you but does no damage.
You hear a shout!
You hit the steam dragon. You headbutt the steam dragon.
The steam dragon is severely wounded.
You are engulfed in a cloud of scalding steam.
* * * LOW HITPOINT WARNING * * *
The orc wizard is engulfed in a cloud of scalding steam.
The orc wizard dies!
The orc priest hits you but does no damage.
The orc priest invokes the aid of Beogh against you.
Beogh smites you!
You die...

####### #.D.§o# #######
##@###o## # #......###
##§.o##..####.#.P ........#
##§§...##.D..D..P.
....#.####.§§....#oo§......
##..#........_.....#o####..
#....##..#.......##o..#
#.>.....###.....## .....
#....#### ##...## ......
#####.#.## ##.## .....o..


You could see a steam dragon (caught, catching breath), 2 orc priests and an
orc.

Vanquished Creatures
  A water moccasin (D:5)
  A black bear (D:3)
  2 orc warriors
  2 ice beasts
  An ogre (D:4)
  A sky beast (D:6)
  3 scorpions
  A kobold brigand (D:6)
  2 necrophages
  3 howler monkeys
  2 jellies (D:5)
  6 hounds
  An orc priest (D:6)
  4 iguanas
  4 orc wizards
  7 adders
  5 gnolls
  A shadow imp (D:6)
  2 white imps (D:6)
  2 ufetubi (D:6)
  A worm (D:2)
  2 dart slugs
  14 orcs
  7 bats
  5 endoplasms
  4 giant cockroaches
  2 goblins (D:3)
  7 hobgoblins
  5 jackals (D:1)
  6 quokkas
  9 ball pythons
  8 frilled lizards
  11 kobolds
  8 rats
140 creatures vanquished.

Vanquished Creatures (others)
  An orc warrior (D:7)
  An orc wizard (D:7)
  8 plants (D:2)
  10 withered plants
20 creatures vanquished.

Grand Total: 160 creatures vanquished

Notes
Turn   | Place    | Note
-------+----------+-------------------------------------------
     0 | D:1      | Revguard the Demonspawn Gladiator began the quest for the
                  | Orb.
     0 | D:1      | Reached XP level 1. HP: 16/16 MP: 1/1
   108 | D:1      | Gained mutation: You regenerate a little health from kills.
                  | [demonic ancestry]
   108 | D:1      | Reached XP level 2. HP: 12/22 MP: 2/2
   405 | D:1      | Reached skill level 1 in Invocations
   581 | D:1      | Gained mutation: Your movements are slightly less
                  | encumbered by armour. (ER -2) [demonic ancestry]
   581 | D:1      | Reached XP level 3. HP: 28/28 MP: 3/3
   784 | D:1      | Reached skill level 1 in Evocations
  1187 | D:2      | Reached skill level 1 in Armour
  1342 | D:2      | Reached XP level 4. HP: 34/34 MP: 5/5
  1533 | D:2      | Reached skill level 3 in Fighting
  1939 | D:2      | Found a faded altar of an unknown god.
  2112 | D:3      | Gained mutation: You have a pair of small horns on your
                  | head. [demonic ancestry]
  2112 | D:3      | Reached XP level 5. HP: 22/41 MP: 6/6
  2353 | D:3      | Noticed a black bear
  2362 | D:3      | Killed a black bear
  2363 | D:3      | Gained mutation: You have a pair of horns on your head.
                  | [demonic ancestry]
  2363 | D:3      | Reached XP level 6. HP: 31/48 MP: 6/8
  2672 | D:3      | Found a sparkling altar of Nemelex Xobeh.
  2672 | D:3      | Found a transporter.
  2924 | D:4      | Reached skill level 4 in Fighting
  2980 | D:4      | You fall into a shaft and drop 1 floor!
  2980 | D:5      | Entered Level 5 of the Dungeon
  3172 | D:5      | Reached XP level 7. HP: 54/55 MP: 9/9
  3334 | D:5      | Found Etailucw's Serpentskin Sales.
  3700 | D:5      | Reached skill level 5 in Fighting
  4370 | D:4      | Found a staircase to the Ecumenical Temple.
  4379 | Temple   | Entered the Ecumenical Temple
  4712 | D:4      | Gained mutation: You regenerate health from kills. [demonic
                  | ancestry]
  4712 | D:4      | Reached XP level 8. HP: 60/62 MP: 11/11
  5768 | D:6      | Reached skill level 5 in Invocations
  5990 | D:6      | Found a stormy altar of Qazlal.
  6236 | D:6      | Reached skill level 5 in Long Blades
  6748 | D:6      | Reached skill level 6 in Fighting
  6969 | D:7      | Found a sacrificial altar of Ru.
  7000 | D:7      | Killed from afar by an orc priest

Illustrated notes

Levels and vault maps discovered:
D:1:      dpeg_arrival_long_road, layout_loops_ring, minmay_bisected
D:2:      layout_rooms, shapermc_ecumenical_altar_flowoftime
D:3:      layout_basic, grunt_nemelex_the_gamble
D:4:      layout_loops_ring, minmay_temple_entry_hall
D:5:      layout_basic, guppyfry_shop_venom
D:6:      layout_basic, marbit_many_paths
D:7:      layout_rooms, kiku_gazebo_garden_becter,
          nicolae_gozag_cash_rules_everything_around_me, old_standard_altar,
          lemuel_round_altar
Temple:   grunt_temple_mini_profane

Skill      XL: |  1  2  3  4  5  6  7  8 |
---------------+-------------------------+-----
Invocations    | 1 2 3 4 5 |  5.5
Evocations     | 1 2 3 4 |  4.1
Armour         | 1 2 3 |  3.7
Dodging        | 3 4 |  4.8
Long Blades    | 3 4 5 |  5.3
Fighting       | 3 4 5 6 |  6.0
Throwing       | |  1.7

Action                   |  1- 3 |  4- 6 |  7- 9 || total
-------------------------+-------+-------+-------++-------
Melee: Long sword        |   125 |   149 |   242 ||   516
       Headbutt          |       |    17 |    45 ||    62
       Punch             |       |       |     4 ||     4
       Unarmed           |       |       |     2 ||     2
Throw: Throwing net      |       |     4 |     3 ||     7
       Javelin           |       |       |     1 ||     1
  Use: Potion            |       |     3 |       ||     3
       Scroll            |       |     6 |     3 ||     9
 Stab: Sleeping          |     1 |       |       ||     1
       Held in net/web   |       |     2 |       ||     2
Armor: Leather armour    |    52 |       |       ||    52
       Ring mail         |     2 |    58 |       ||    60
       Skin              |       |    21 |       ||    21
       Scale mail        |       |    12 |   109 ||   121
Dodge: Dodged            |    93 |   134 |   157 ||   384
